 Dungeon Crawl Stone Soup version 0.25.1-11-g244df3a29b (webtiles) character file.

Game seed: 15796497092088791818

16104 tkbsonic5 the Martial Artist (level 12, -1/97 HPs)
             Began as an Octopode Transmuter on Dec 20, 2022.
             Was an Elder of Elyvilon.
             Slain by a wolf (6 damage)
             ... on level 3 of the Lair of Beasts on Dec 22, 2022.
             The game lasted 01:14:09 (17579 turns).

tkbsonic5 the Martial Artist (Octopode Transmuter) Turns: 17579, Time: 01:14:10

Health: -1/97      AC:  7    Str: 10    XL:     12   Next: 34%
Magic:  34/40      EV:  7    Int: 19    God:    Elyvilon [****..]
Gold:   313        SH:  0    Dex: 13    Spells: 11/25 levels left

rFire    + . .     SeeInvis .     - Unarmed
rCold    + + .     Gourm    .   (shield currently unavailable)
rNeg     + . .     Faith    .   (helmet currently unavailable)
rPois    +         Spirit   .   C - amulet of regeneration
rElec    .         Reflect  .   a - ring of protection from fire
rCorr    +         Harm     .   h - +4 ring of slaying
MR       .....     Rnd*Rage +   m - ring of Eternity {rPois rN+ MR- rCorr MP+9}
Stlth    ++........             y - ring of magical power
HPRegen  0.66/turn              K - ring of wizardry
MPRegen  0.27/turn              J - ring of fire
                                (no ring)
                                (no ring)

@: ice-form, protection, petrifying (expiring), hasted, studying Necromancy
A: large, almost no armour, stealthy swim, amphibious, 8 rings, (constrict 8),
berserk 1
a: End Transformation, Lesser Healing, Heal Other, Purification, Greater
Healing, Divine Protection, Renounce Religion


You were on level 3 of the Lair of Beasts.
You worshipped Elyvilon.
Elyvilon was greatly pleased with you.
You were very hungry.
You were a creature of crystalline ice.
You visited 2 branches of the dungeon, and saw 14 of its levels.

You collected 742 gold pieces.
You spent 429 gold pieces at shops.

Inventory:

Hand Weapons
 e - a +1 falchion of protection
 i - a +3 rapier of speed (melded)
 o - a +1 short sword of venom
 z - a +0 long sword of holy wrath
 D - a +2 trident of venom
Missiles
 d - 68 poisoned darts (quivered)
 n - 158 arrows
 t - 3 throwing nets
Armour
 r - a scarf of resistance
Jewellery
 a - a ring of protection from fire (left front paw)
 h - a +4 ring of slaying (right front paw)
 k - an uncursed amulet of guardian spirit
 m - the ring of Eternity (on tentacle) {rPois rN+ MR- rCorr MP+9}
   (You found it on level 7 of the Dungeon)

   [ring of resist corrosion]

   It protects you from poison.
   It protects you from negative energy.
   It affects your resistance to hostile enchantments.
   It affects your magic capacity (+9).
   It provides partial protection from all sources of acid and corrosion.
 y - a ring of magical power (on tentacle)
 C - an amulet of regeneration (around neck)
 J - a ring of fire (on tentacle)
 K - a ring of wizardry (on tentacle)
Wands
 f - a wand of disintegration (7)
 j - a wand of iceblast (11)
 v - a wand of acid (4)
 B - a wand of paralysis (9)
 E - a wand of flame (47)
Scrolls
 b - 7 scrolls of remove curse
 l - 4 scrolls of amnesia
 H - a scroll of enchant armour
 I - a scroll of magic mapping
 L - 2 scrolls of identify
Potions
 g - 5 potions of curing
 p - 3 potions of flight
 s - 2 potions of heal wounds
 w - 2 potions of stabbing
 x - a potion of haste
 M - 2 potions of lignification {unknown}
Books
 q - a manual of Necromancy
Miscellaneous
 u - a tin of tremorstones (1/3)
 A - a phantom mirror
 F - a lightning rod (3/4)
Comestibles
 c - 24 rations
 G - 10 chunks of flesh


   Skills:
 * Level 7.5 Fighting
 - Level 2.1 Short Blades
 - Level 1.3 Throwing
 * Level 6.1 Dodging
 + Level 3.4 Stealth
 * Level 8.1 Unarmed Combat
 * Level 7.1 Spellcasting
 + Level 2.0 Necromancy
 + Level 7.4 Transmutations
 * Level 6.5 Ice Magic
 * Level 6.3 Poison Magic
 * Level 6.7 Invocations
 + Level 3.7 Evocations


You had 11 spell levels left.
You knew the following spells:

 Your Spells              Type           Power        Failure   Level  Hunger
a - Blade Hands           Tmut           #####.....   5%          5    #####..
b - Sticks to Snakes      Tmut           #####...     1%          2    None
c - Spider Form           Tmut/Pois      ####......   1%          3    #......
d - Ice Form              Ice/Tmut       ####....     2%          4    ###....

Your spell library contained the following spells:

 Spells                   Type           Power        Failure   Level  Hunger
 Beastly Appendage        Tmut           #####.       1%          1    None


Dungeon Overview and Level Annotations

Branches:
Dungeon (11/15)            Temple (0/1) D:6            Lair (3/6) D:10
  Snake (0/4) Lair:3
  Swamp: Lair:2-4    Shoals: Lair:2-4       Orc: D:9-12

Altars:
Ashenzari
Elyvilon
Okawaru
Ru
Sif Muna
Zin

Shops:
D:10 *


Innate Abilities, Weirdness & Mutations

You cannot wear most types of armour.
You are very stealthy in the water. (Stealth+)
You are amphibious.
You can wear up to eight rings at the same time.
((You can use your tentacles to constrict eight enemies at once.))
((Your skin changes colour to match your surroundings (Stealth+).))
((Your rubbery body absorbs attacks. (AC +1, EV +1)))
You tend to lose your temper in combat.
((Your system is resistant to poisons. (rPois)))


Message History

* * * LOW HITPOINT WARNING * * *
The basilisk gazes at you.
You are slowing down.
You feel yourself speed up. The wolf bites you!
* * * LOW HITPOINT WARNING * * *
The wolf bites you.
* * * LOW HITPOINT WARNING * * *
The spiny frog stings you!
* * * LOW HITPOINT WARNING * * *
The wolf completely misses you. The porcupine closely misses you.
The wolf bites you.
* * * LOW HITPOINT WARNING * * *
The spiny frog barely misses you. The wolf bites you!
You can no longer call upon Elyvilon for divine vigour.
Elyvilon protects you from harm! The basilisk bites you!!
Elyvilon protects you from harm!
Your limbs are stiffening.
The wolf bites you!
You die...

.............. .......
.............. ##.#.....
.............####.!#.....
.........................
.........................
.........................
................Fl.......
..............$.hr.......
#...#.#.#.......Yh.......
##.#.####.....#..#.##....
.#+...##.....####### ...
≈.......+.....# .
≈≈....#.#....P#
≈≈≈...###....##
.≈≈.#+.##....##
.≈≈P...##.....#.
.≈≈...##.........


You could see a spiny frog, a basilisk, 2 wolves and a porcupine.

Vanquished Creatures
  A hydra (Lair:1)
  A two-headed ogre (D:9)
  A manticore (D:7)
  5 spiny frogs
  A centaur skeleton (D:10)
  A kobold demonologist (D:10)
  2 trolls
  3 blink frogs (Lair:2)
  4 hippogriffs
  Sigmund (D:4)
  A wyvern (D:9)
  14 yaks
  Eustachio (D:4)
  A hungry ghost (D:10)
  3 nagas (Lair:3)
  4 water moccasins
  4 porcupines
  4 orc warriors
  3 ice beasts (D:7)
  2 sky beasts (D:9)
  3 phantoms
  2 black bears
  An eye of draining (D:7)
  7 ogres
  5 centaurs
  5 crocodiles
  2 big kobolds (D:9)
  11 bullfrogs
  2 scorpions
  A water moccasin skeleton (D:7)
  10 killer bees
  24 wights
  An electric eel (Lair:1)
  3 howler monkeys
  A bullfrog zombie (D:3)
  3 crimson imps
  6 hounds
  5 jellies
  A bullfrog skeleton (D:10)
  12 orc priests
  2 centaur zombies (D:9)
  9 orc wizards
  Terence (D:2)
  An iguana (D:9)
  4 worker ants
  Robin (D:4)
  A hound skeleton (D:4)
  2 howler monkey skeletons
  3 gnolls (D:4)
  8 adders
  6 shadow imps
  An ooze (D:5)
  An adder skeleton (D:4)
  4 worms
  A dart slug (D:3)
  8 leopard geckos
  28 orcs
  2 ball pythons (D:2)
  2 bats
  7 giant cockroaches
  14 hobgoblins
  9 jackals
  19 kobolds
  4 quokkas
  4 frilled lizards
  15 goblins
  A jackal skeleton (D:6)
  6 rats
326 creatures vanquished.

Vanquished Creatures (collateral kills)
  A sky beast (D:7)
  An eye of draining (D:9)
  A crimson imp (D:7)
  Jessica (D:2)
  An adder (D:4)
  An orc (D:7)
  2 jackals (D:1)
  A leopard gecko skeleton (D:7)
9 creatures vanquished.

Grand Total: 335 creatures vanquished

Notes
Turn   | Place    | Note
-------+----------+-------------------------------------------
     0 | D:1      | tkbsonic5 the Octopode Transmuter began the quest for the
                  | Orb.
     0 | D:1      | Reached XP level 1. HP: 13/13 MP: 3/3
   489 | D:1      | Reached XP level 2. HP: 18/18 MP: 1/5
   493 | D:1      | Learned a level 2 spell: Sticks to Snakes
   787 | D:1      | Reached XP level 3. HP: 19/23 MP: 4/6
   792 | D:1      | Learned a level 3 spell: Spider Form
  1682 | D:2      | Noticed Jessica
  1689 | D:2      | Killed Jessica
  1689 | D:2      | Reached XP level 4. HP: 29/29 MP: 0/7
  1893 | D:2      | Reached skill level 1 in Poison Magic
  1921 | D:2      | Noticed Terence
  1930 | D:2      | Killed Terence
  1930 | D:2      | Reached skill level 1 in Throwing
  2383 | D:2      | Gained mutation: You tend to lose your temper in combat.
                  | [potion of mutation]
  2383 | D:2      | Gained mutation: Your system is resistant to poisons.
                  | (rPois) [potion of mutation]
  2840 | D:3      | Reached XP level 5. HP: 34/34 MP: 4/8
  3056 | D:3      | Found a white marble altar of Elyvilon.
  3108 | D:3      | Became a worshipper of Elyvilon the Healer
  3872 | D:4      | Noticed Eustachio
  3883 | D:4      | Killed Eustachio
  3883 | D:4      | Reached skill level 1 in Invocations
  3883 | D:4      | Reached XP level 6. HP: 41/41 MP: 7/10
  3988 | D:4      | Reached * piety under Elyvilon
  4013 | D:4      | Noticed a phantom
  4026 | D:4      | Reached skill level 4 in Unarmed Combat
  4048 | D:4      | Killed a phantom
  4048 | D:4      | Reached skill level 1 in Stealth
  4048 | D:4      | Reached XP level 7. HP: 22/45 MP: 4/11
  4711 | D:4      | Noticed Robin
  4728 | D:4      | Killed Robin
  4920 | D:4      | Learned a level 4 spell: Ice Form
  4941 | D:4      | Noticed Sigmund
  4955 | D:4      | Killed Sigmund
  4955 | D:4      | Reached skill level 1 in Short Blades
  5189 | D:4      | Reached skill level 1 in Ice Magic
  5239 | D:4      | Reached ** piety under Elyvilon
  5786 | D:4      | Reached XP level 8. HP: 17/52 MP: 3/13
  6096 | D:5      | Entered Level 5 of the Dungeon
  6149 | D:5      | Noticed a hippogriff
  6170 | D:5      | Killed a hippogriff
  6673 | D:5      | Found a sand-covered staircase.
  6727 | D:5      | Reached *** piety under Elyvilon
  7031 | D:6      | Found a staircase to the Ecumenical Temple.
  7039 | D:6      | Reached skill level 1 in Evocations
  7308 | D:6      | Reached skill level 5 in Unarmed Combat
  7481 | D:6      | Reached XP level 9. HP: 58/58 MP: 12/15
  7543 | D:6      | Found an iron altar of Okawaru.
  7583 | D:6      | Found a shattered altar of Ashenzari.
  7586 | D:6      | Found a sacrificial altar of Ru.
  7594 | D:6      | Found a shimmering blue altar of Sif Muna.
  8045 | D:6      | Reached skill level 1 in Necromancy
  9197 | D:7      | Reached **** piety under Elyvilon
  9492 | D:7      | Reached skill level 5 in Transmutations
  9492 | D:7      | Reached skill level 5 in Poison Magic
  9999 | D:7      | Reached skill level 5 in Spellcasting
 10000 | D:7      | Noticed a manticore
 10005 | D:7      | Reached skill level 5 in Fighting
 10009 | D:7      | Killed a manticore
 10009 | D:7      | Reached skill level 6 in Unarmed Combat
 10009 | D:7      | Reached XP level 10. HP: 41/66 MP: 9/17
 10031 | D:7      | Got a vibrating brass ring
 10037 | D:7      | Identified the ring of Eternity {rPois rN+ MR- rCorr MP+9}
                  | (You found it on level 7 of the Dungeon)
 10904 | D:8      | Found a glowing silver altar of Zin.
 11143 | D:8      | Reached ***** piety under Elyvilon
 11974 | D:9      | Reached skill level 5 in Ice Magic
 11988 | D:9      | Reached skill level 7 in Unarmed Combat
 12156 | D:9      | Learned a level 5 spell: Blade Hands
 12172 | D:9      | Noticed a two-headed ogre
 12182 | D:9      | Killed a two-headed ogre
 12182 | D:9      | Reached skill level 5 in Invocations
 12182 | D:9      | Reached XP level 11. HP: 73/73 MP: 13/20
 12504 | D:9      | Reached skill level 5 in Dodging
 13902 | D:10     | Entered Level 10 of the Dungeon
 13985 | D:10     | Found Mumas's Assorted Antiques.
 14161 | D:10     | Bought a potion of heal wounds for 120 gold pieces
 14161 | D:10     | Bought a potion of heal wounds for 120 gold pieces
 14161 | D:10     | Bought a fizzy black potion for 21 gold pieces
 14161 | D:10     | Bought a scroll of identify for 48 gold pieces
 14161 | D:10     | Bought a large citrine amulet for 120 gold pieces
 14720 | D:10     | Noticed a death yak
 14722 | D:10     | Noticed a death yak
 15016 | D:10     | Found a staircase to the Lair.
 15016 | D:10     | Noticed a death yak
 15016 | D:10     | Noticed a cyclops
 15089 | D:10     | Noticed a death yak
 15089 | D:10     | Noticed a death yak
 15090 | D:10     | Noticed a death yak
 15176 | Lair:1   | Entered Level 1 of the Lair of Beasts
 15215 | Lair:1   | Noticed an eight-headed hydra
 15908 | Lair:1   | Killed an eight-headed hydra
 15908 | Lair:1   | Reached XP level 12. HP: 81/81 MP: 22/22
 16114 | Lair:1   | Reached ****** piety under Elyvilon
 16430 | Lair:2   | Reached skill level 8 in Unarmed Combat
 17360 | Lair:3   | Found a staircase to the Snake Pit.
 17575 | Lair:3   | HP: 2/97 [wolf (8)]
 17575 | Lair:3   | Elyvilon protects you from harm!
 17578 | Lair:3   | Elyvilon protects you from harm!
 17578 | Lair:3   | Elyvilon protects you from harm!
 17579 | Lair:3   | Slain by a wolf

Illustrated notes

Levels and vault maps discovered:
D:1:      nicolae_arrival_somewhat_less_tricky_arrival, layout_basic,
          minmay_pentomino_s4
D:2:      layout_basic, chequers_serial_rivers_micro_b, uniq_jessica,
          uniq_terence
D:3:      layout_loops_cross, elyvilon_altar_4
D:4:      layout_layer_cave, first_ration, uniq_sigmund, uniq_robin,
          uniq_eustachio
D:5:      layout_rooms, enter_ossuary_5, dk_noncrumbling_3
D:6:      layout_layer_cave, grunt_temple_overflow_cloverleaf,
          minmay_temple_entry_arrows, minivault_22, kennysheep_minor_cross,
          minmay_manual_monolith
D:7:      minmay_the_grid_four_pointed_star
          [minmay_the_grid_triangle_9x9_windchime,
          minmay_the_grid_triangle_9x9_negative_grid,
          minmay_the_grid_triangle_9x9_from_above,
          minmay_the_grid_triangle_9x9_longest,
          minmay_the_grid_prize_trominoes], layout_loops_ring, grunt_ogre_cave,
          hangedman_decor_points
D:8:      layout_rooms, kennysheep_mini
D:9:      layout_loops_corners, grunt_potential
D:10:     layout_basic, dpeg_lair_monsters, orc_0_dummy, serial_shops,
          nicolae_shop_behind_doors, grunt_tough_drop
D:11:     layout_basic, minivault_16, uniq_josephine
Lair:1:   layout_gridlike, fungi_pond_lemuel
Lair:2:   layout_regular_city
Lair:3:   layout_regular_city, guppyfry_snake_entry_island, serial_bayou_shore_a

Skill      XL: |  1  2  3  4  5  6  7  8  9 10 11 12 |
---------------+-------------------------------------+-----
Poison Magic   | 1 2 3 4 5 6 |  6.3
Fighting       | 2 3 4 5 6 7 |  7.5
Throwing       | 1 |  1.3
Spellcasting   | 3 4 5 6 7 |  7.1
Transmutations | 3 4 5 6 7 |  7.4
Invocations    | 1 2 3 5 6 |  6.7
Unarmed Combat | 4 5 6 7 8 |  8.1
Stealth        | 1 2 3 |  3.4
Dodging        | 3 4 5 6 |  6.1
Short Blades   | 1 2 |  2.1
Ice Magic      | 1 2 4 5 6 |  6.5
Evocations     | 1 2 3 |  3.7
Necromancy     | 1 2 |  2.0

Action                   |  1- 3 |  4- 6 |  7- 9 | 10-12 || total
-------------------------+-------+-------+-------+-------++-------
Melee: Unarmed           |    62 |    81 |   193 |   373 ||   709
       Kick              |    14 |     4 |     1 |       ||    19
       Constrict         |    17 |    11 |    16 |     6 ||    50
       Tentacles         |     6 |     5 |    12 |    10 ||    33
       Punch             |       |     1 |     3 |     4 ||     8
       Short sword       |       |    10 |     5 |       ||    15
       Rapier            |       |       |    56 |    23 ||    79
       Trident           |       |       |       |     3 ||     3
Throw: Dart              |    16 |    61 |   102 |    65 ||   244
 Cast: Beastly Appendage |    11 |     5 |     1 |       ||    17
       Sticks to Snakes  |     6 |     6 |    13 |     5 ||    30
       Spider Form       |       |     8 |    26 |       ||    34
       Ice Form          |       |       |     5 |    51 ||    56
       Blade Hands       |       |       |       |     5 ||     5
Invok: Lesser Healing    |       |       |     3 |     1 ||     4
       Greater Healing   |       |       |       |     9 ||     9
       Purification      |       |       |       |     1 ||     1
       Divine Protection |       |       |       |     2 ||     2
Evoke: Wand              |       |       |       |    23 ||    23
       Tin of tremorston |       |       |       |     4 ||     4
       Lightning rod     |       |       |       |     3 ||     3
  Use: Scroll            |     5 |     2 |     4 |    10 ||    21
       Potion            |     1 |     8 |     9 |     6 ||    24
 Stab: Sleeping          |     3 |     3 |     5 |     3 ||    14
       Distracted        |     2 |       |       |       ||     2
  Eat: Ration            |     2 |       |     5 |    11 ||    18
       Chunk             |     1 |     4 |     7 |     3 ||    15
Armor: Skin              |     3 |     3 |    12 |    66 ||    84
Dodge: Dodged            |    48 |    51 |   172 |   199 ||   470
